 Dungeon Crawl Stone Soup version 0.26-a0-958-gf3041fb45f (webtiles) character file.

Game seed: 17144943052069678479

200 schets the Fighter (level 5, -3/54 HPs)
             Began as a Gnoll Wanderer on Nov 30, 2020.
             Slain by an ogre
             ... wielding a +0 giant club
              (20 damage)
             ... on level 4 of the Dungeon.
             The game lasted 00:05:00 (4584 turns).

schets the Fighter (Gnoll Wanderer)                 Turns: 4584, Time: 00:05:01

Health: -3/54      AC:  4    Str: 17    XL:     5   Next: 79%
Magic:  7/7        EV: 10    Int: 15    God:
Gold:   194        SH: 14    Dex: 12    Spells: 7/7 levels left

rFire    + . .     SeeInvis .   a - +0 hand axe
rCold    + . .     Faith    .   b - +0 kite shield
rNeg     . . .     Spirit   .   l - +0 leather armour
rPois    .         Reflect  +   f - +1 hat
rElec    .         Harm     .   r - scarf {rC+ rF+}
rCorr    +         Rampage  .   (no gloves)
MR       .....                  (no boots)
Stlth    ++........             c - amulet of reflection
HPRegen  0.18/turn              s - ring of resist corrosion
MPRegen  0.10/turn              (no ring)

@: no status effects
A: distributed training, fangs 1, strong nose
a: no special abilities


You were on level 4 of the Dungeon.
You visited 1 branch of the dungeon, and saw 4 of its levels.

You collected 194 gold pieces.

Inventory:

Hand Weapons
 a - a +0 hand axe (weapon)
Missiles
 i - 3 javelins (quivered)
 m - 8 curare-tipped darts
Armour
 b - a +0 kite shield (worn)
 f - a +1 hat (worn)
 l - a +0 leather armour (worn)
 r - a scarf of resistance (worn)
Jewellery
 c - an amulet of reflection (around neck)
 s - a ring of resist corrosion (left hand)
Scrolls
 d - a scroll of teleportation
 g - 7 scrolls of identify
 j - a scroll of amnesia {unknown}
 k - 2 scrolls of enchant weapon
 n - a scroll of noise {unknown}
 o - a scroll of magic mapping {unknown}
 p - a scroll of remove curse
 q - a scroll of immolation {unknown}
 t - a scroll of fog {unknown}
Potions
 e - a potion of resistance
 h - a potion of curing


   Skills:
 + Level 10.4 Fighting
 + Level 1.6 Short Blades
 + Level 1.6 Long Blades
 + Level 3.0 Axes
 + Level 1.6 Maces & Flails
 + Level 1.6 Polearms
 + Level 1.6 Staves
 + Level 1.6 Slings
 + Level 1.6 Bows
 + Level 1.6 Crossbows
 + Level 1.6 Throwing
 + Level 3.0 Armour
 + Level 3.0 Dodging
 + Level 1.6 Stealth
 + Level 3.0 Shields
 + Level 1.6 Unarmed Combat
 + Level 1.6 Spellcasting
 + Level 1.3 Conjurations
 + Level 1.3 Hexes
 + Level 1.3 Summonings
 + Level 1.3 Necromancy
 + Level 1.3 Translocations
 + Level 1.3 Transmutations
 + Level 1.3 Fire Magic
 + Level 1.3 Ice Magic
 + Level 1.3 Air Magic
 + Level 1.3 Earth Magic
 + Level 1.3 Poison Magic
 + Level 1.8 Invocations
 + Level 3.0 Evocations


You had 7 spell levels left.
You didn't know any spells.
Your spell library contained the following spells:

 Spells                   Type           Power        Failure   Level
 Magic Dart               Conj           #...         58%         1
 Searing Ray              Conj           #.....       75%         2
 Dazzling Flash           Conj/Hex       #.....       92%         3
 Fulminant Prism          Conj/Hex       #.........   100%        4
 Iskenderun's Mystic Bla  Conj/Tloc      #.......     100%        4


Dungeon Overview and Level Annotations

Branches:
Dungeon (4/15)
 Temple: D:4-7

Altars:
Qazlal


Innate Abilities, Weirdness & Mutations

Your experience applies equally to all skills.
You have very sharp teeth.
Your uncanny sense of smell can sniff out nearby items.


Message History

The ogre is severely wounded.
You hit the hound. The hound closely misses you. You block the ogre's attack.
The hound bites you.
* * * LOW HITPOINT WARNING * * *
Unknown command.
Unknown command.
Unknown command.
You hit the ogre.
The ogre is almost dead.
You closely miss the hound. The hound barely misses you.
You block the ogre's attack.
Unknown command.
Unknown command.
Unknown command.
Unknown command.
You hit the ogre. Your bite misses the ogre.
The ogre is almost dead.
You hit the hound. The hound closely misses you. You block the hound's attack.
The ogre hits you with a +0 giant club!!
You die...

##########
#.........
#....>....
#.........
∆
#.........
#.........
#.@h.=....
#..O......
#.......?.
#.........
#.........
..........
......(.(.
...########


You could see an ogre and a hound.

Vanquished Creatures
  An ice beast (D:3)
  An orc priest (D:3)
  A worker ant (D:3)
  An adder (D:3)
  3 worms
  A dart slug (D:1)
  2 leopard geckos (D:2)
  4 orcs (D:3)
  2 ball pythons
  5 bats
  A giant cockroach (D:2)
  4 goblins
  6 hobgoblins
  A quokka (D:2)
  3 frilled lizards
  4 kobolds
  5 rats
45 creatures vanquished.

Notes
Turn   | Place    | Note
-------+----------+-------------------------------------------
     0 | D:1      | Reached skill level 10 in Fighting
     0 | D:1      | schets the Gnoll Wanderer began the quest for the Orb.
     0 | D:1      | schets set off with the following items: a +0 hand axe, a
                  | +0 kite shield, a potion of curing, a +0 robe
     0 | D:1      | Reached XP level 1. HP: 28/28 MP: 1/1
   372 | D:1      | Reached XP level 2. HP: 36/36 MP: 2/2
   688 | D:1      | You fall into a shaft and drop 1 floor!
  1290 | D:2      | Reached XP level 3. HP: 42/42 MP: 3/3
  1363 | D:2      | Found a stormy altar of Qazlal.
  2117 | D:3      | Noticed an ice beast
  2915 | D:3      | Reached skill level 1 in Invocations
  3117 | D:3      | Killed an ice beast
  3118 | D:3      | Reached skill level 1 in Short Blades
  3118 | D:3      | Reached skill level 1 in Long Blades
  3118 | D:3      | Reached skill level 1 in Maces & Flails
  3118 | D:3      | Reached skill level 1 in Polearms
  3118 | D:3      | Reached skill level 1 in Staves
  3118 | D:3      | Reached skill level 1 in Slings
  3118 | D:3      | Reached skill level 1 in Bows
  3118 | D:3      | Reached skill level 1 in Crossbows
  3118 | D:3      | Reached skill level 1 in Throwing
  3118 | D:3      | Reached skill level 1 in Stealth
  3118 | D:3      | Reached skill level 1 in Unarmed Combat
  3118 | D:3      | Reached skill level 1 in Spellcasting
  3118 | D:3      | Reached skill level 1 in Conjurations
  3118 | D:3      | Reached skill level 1 in Hexes
  3118 | D:3      | Reached skill level 1 in Summonings
  3118 | D:3      | Reached skill level 1 in Necromancy
  3118 | D:3      | Reached skill level 1 in Translocations
  3118 | D:3      | Reached skill level 1 in Transmutations
  3118 | D:3      | Reached skill level 1 in Fire Magic
  3118 | D:3      | Reached skill level 1 in Ice Magic
  3118 | D:3      | Reached skill level 1 in Air Magic
  3118 | D:3      | Reached skill level 1 in Earth Magic
  3118 | D:3      | Reached skill level 1 in Poison Magic
  3118 | D:3      | Reached XP level 4. HP: 44/48 MP: 5/5
  3118 | D:3      | Reached XP level 5. HP: 50/54 MP: 6/6
  4574 | D:4      | Noticed an ogre
  4584 | D:4      | Slain by an ogre

Illustrated notes

Levels and vault maps discovered:
D:1:      psy_arrival_basics, layout_loops_ring
D:2:      layout_loops_ring, grunt_qazlal_clouds
D:3:      layout_basic, minmay_tree_intersection
D:4:      layout_basic

Skill      XL: |  1  2  3  4  5 |
---------------+----------------+-----
Fighting       | | 10.4
Invocations    | 1 |  1.8
Short Blades   | 1 |  1.6
Long Blades    | 1 |  1.6
Maces & Flails | 1 |  1.6
Polearms       | 1 |  1.6
Staves         | 1 |  1.6
Slings         | 1 |  1.6
Bows           | 1 |  1.6
Crossbows      | 1 |  1.6
Throwing       | 1 |  1.6
Stealth        | 1 |  1.6
Unarmed Combat | 1 |  1.6
Spellcasting   | 1 |  1.6
Conjurations   | 1 |  1.3
Hexes          | 1 |  1.3
Summonings     | 1 |  1.3
Necromancy     | 1 |  1.3
Translocations | 1 |  1.3
Transmutations | 1 |  1.3
Fire Magic     | 1 |  1.3
Ice Magic      | 1 |  1.3
Air Magic      | 1 |  1.3
Earth Magic    | 1 |  1.3
Poison Magic   | 1 |  1.3
Axes           | 3 |  3.0
Armour         | 3 |  3.0
Dodging        | 3 |  3.0
Shields        | 3 |  3.0
Evocations     | 3 |  3.0

Action                   |  1- 3 |  4- 6 || total
-------------------------+-------+-------++-------
Melee: Hand axe          |   105 |    63 ||   168
       Bite              |    13 |    10 ||    23
Throw: Javelin           |     3 |     3 ||     6
  Use: Potion            |     4 |       ||     4
       Scroll            |     3 |     1 ||     4
 Stab: Sleeping          |     1 |     2 ||     3
Armor: Robe              |    13 |       ||    13
       Leather armour    |    16 |     8 ||    24
Dodge: Dodged            |    43 |    16 ||    59
Block: Kite shield       |    53 |    46 ||    99
       Reflection        |       |     2 ||     2

Table legend: (Time is in decaauts)
 A = Elapsed time spent in this place.
 B = Non-inter-level travel time spent in this place.
 C = Inter-level travel time spent in this place.
 D = Time resting spent in this place.
 E = Time spent auto-exploring this place.
 F = Levels seen in this place.
 G = Mean time per level.
                   A        B        C        D        E       F      G
               +--------+--------+--------+--------+--------+-----+--------+
         Total |   4632 |   4370 |    262 |   2017 |   1819 |   4 | 1158.0 |
       Dungeon |   4632 |   4370 |    262 |   2017 |   1819 |   4 | 1158.0 |
               +--------+--------+--------+--------+--------+-----+--------+

Top non-repeatable levels by time:
     D:3: 2288 daAuts
     D:2: 1192 daAuts
     D:1: 1137 daAuts
     D:4: 12 daAuts
